 Dungeon Crawl Stone Soup version 0.20.1-1-g8b1a95d (webtiles) character file.

89 dohliylev the Covert (level 4, 0/49 HPs)
             Began as a Vampire Assassin on Dec 4, 2017.
             Succumbed to an adder's poison
             ... on level 3 of the Dungeon.
             The game lasted 00:03:44 (1637 turns).

dohliylev the Covert (Vampire Assassin)             Turns: 1637, Time: 00:03:45

Health: 0/49       AC: 22    Str:  9 (10) XL:     4   Next: 31%
Magic:  4/4        EV:  2    Int: 16 (18) God:
Gold:   117        SH:  7    Dex: 15 (16) Spells: 1/3 levels left

rFire    . . .     SeeInvis +   a - +2 dagger
rCold    . . .     Gourm    .   h - +0 shield
rNeg     + + +     Faith    .   (armour currently unavailable)
rPois    +         Spirit   .   (helmet currently unavailable)
rElec    .         Reflect  .   (cloak currently unavailable)
rCorr    .         Harm     .   (gloves currently unavailable)
MR       .....     NoTele   +   (boots currently unavailable)
Stlth    ++++......             (no amulet)
Regen    0.2/turn               (no ring)
MPRegen  0.1/turn               (no ring)

@: brilliant, lethally poisoned (0 -> -3), tree-form
A: see invisible
a: Bat Form


You were on level 3 of the Dungeon.
You were not thirsty.
You were a tree.
You visited 1 branch of the dungeon, and saw 3 of its levels.

You collected 117 gold pieces.

Inventory:

Hand Weapons
 a - a +2 dagger (weapon)
 b - a +0 blowgun
Missiles
 e - 29 poisoned needles
 f - 2 curare-tipped needles
Armour
 c - a +0 robe (melded)
 d - a +0 cloak (melded)
 h - a +0 shield (worn)
Scrolls
 i - a scroll of fear {unknown}
 k - a scroll of remove curse {unknown}
 m - a scroll of fog {unknown}
 n - a scroll of noise {unknown}
 p - a scroll of identify {unknown}
 q - a scroll of enchant weapon {unknown}
 u - a scroll of immolation {unknown}
 w - a scroll of teleportation {unknown}
 y - a scroll of blinking {unknown}
Potions
 g - 2 potions of blood
 j - a potion of curing {unknown}
 l - 2 potions of flight
 o - 2 potions of brilliance
 r - a potion of degeneration
 t - a potion of lignification
 v - a potion of magic {unknown}
 x - a potion of ambrosia {unknown}
 z - a potion of might {unknown}
Books
 s - a book of Minor Magic

   Spells                             Type                      Level
   a - Magic Dart                     Conjuration                  1
   b - Blink                          Translocation                2
   c - Call Imp                       Summoning                    2
   d - Slow                           Hexes                        2
   e - Conjure Flame                  Conjuration/Fire             3
   f - Mephitic Cloud                 Conjuration/Poison/Air       3


   Skills:
 - Level 1.7 Fighting
 - Level 2.1 Short Blades
 - Level 1.5 Throwing
 - Level 1.1 Dodging
 + Level 8.7 Stealth
 + Level 0.6 Shields


You had one spell level left.
You knew the following spells:

 Your Spells              Type           Power        Failure   Level  Hunger
a - Blink                 Tloc           N/A          24%         2    ###....


Dungeon Overview and Level Annotations

Branches:
Dungeon (3/15)

Altars:


Innate Abilities, Weirdness & Mutations

((You have razor-sharp teeth.))
You have supernaturally acute eyesight. (SInv)
((You can survive without breathing.))


Message History

You fly up into the air.
* * * LOW HITPOINT WARNING * * *
You feel sick. The hobgoblin hits you.
* * * LOW HITPOINT WARNING * * *
It was a potion of brilliance.
You feel clever all of a sudden. The hobgoblin barely misses you.
You hit the hobgoblin. Your bite misses the hobgoblin.
The hobgoblin is severely wounded.
* * * LOW HITPOINT WARNING * * *
You feel sick.
The hobgoblin hits you but does no damage.
It was a potion of degeneration.
There was something very wrong with that liquid.
You feel weakened.
You feel dopey.
You feel clumsy. The hobgoblin closely misses you.
It was a potion of lignification.
You turn into a tree.
Your +0 cloak melds into your body.
Your +0 robe melds into your body.
Your roots penetrate the ground.
You die...

######
.....########
#..........####
#.............###
#...............
#.....†.......####
#....♣g.......#...
#....[............#
...............%##
#................#
........#####....#
......... #....#
......... #.†..#
......... #.##.#
......... ###....#


You could see a hobgoblin.

Vanquished Creatures
  5 adders
  An ooze (D:2)
  2 worms (D:2)
  2 leopard geckos
  4 giant cockroaches
  3 goblins (D:1)
  3 hobgoblins
  3 bats
  5 frilled lizards
  6 kobolds
  4 rats
38 creatures vanquished.

Notes
Turn   | Place    | Note
-------+----------+-------------------------------------------
     0 | D:1      | dohliylev the Vampire Assassin began the quest for the Orb.
     0 | D:1      | Reached XP level 1. HP: 16/16 MP: 1/1
    36 | D:1      | Reached skill level 6 in Stealth
   138 | D:1      | Reached XP level 2. HP: 17/22 MP: 2/2
   695 | D:1      | Reached skill level 7 in Stealth
   941 | D:2      | Reached XP level 3. HP: 27/27 MP: 3/3
   947 | D:2      | Learned a level 2 spell: Blink
  1018 | D:2      | Reached skill level 8 in Stealth
  1147 | D:2      | Reached XP level 4. HP: 28/33 MP: 4/4
  1635 | D:3      | HP: 1/33 [poisoned by an adder]
  1637 | D:3      | Succumbed to an adder's poison

Skill      XL: |  1  2  3 |
---------------+----------+-----
Stealth        | 6 7 8 |  8.7
Fighting       | |  1.7
Short Blades   | |  2.1
Throwing       | |  1.5
Dodging        | |  1.1
Shields        | |  0.6

Action                   |  1- 3 |  4- 6 || total
-------------------------+-------+-------++-------
Melee: Dagger            |    83 |    38 ||   121
       Bite              |     4 |     4 ||     8
 Fire: Blowgun           |       |     7 ||     7
  Use: Potion            |       |     4 ||     4
 Stab: Sleeping          |     7 |     2 ||     9
       Distracted        |     1 |       ||     1
  Eat: Corpse            |     3 |       ||     3
Armor: Robe              |    18 |     7 ||    25
Dodge: Dodged            |    27 |    15 ||    42
Block: Shield            |    21 |    10 ||    31
